 Dungeon Crawl Stone Soup version 0.27.1-2-g3b301248ec (webtiles) character file.

Game seed: 16111455767170784603

9 Jahmms the Caller (level 2, 0/19 HPs)
             Began as a Merfolk Summoner on Oct 1, 2021.
             Slain by a jackal (1 damage)
             ... on level 1 of the Dungeon.
             The game lasted 00:06:42 (207 turns).

Jahmms the Caller (Merfolk Summoner)                 Turns: 207, Time: 00:06:43

Health: 0/19       AC:  2    Str:  8    XL:     2   Next: 12%
Magic:  2/5        EV: 12    Int: 14    God:
Gold:   0          SH:  0    Dex: 14    Spells: 4/5 levels left

rFire    . . .     SeeInvis .   (no weapon)
rCold    . . .     Faith    .   (no shield)
rNeg     . . .     Spirit   .   a - +0 robe
rPois    .         Reflect  .   (no helmet)
rElec    .         Harm     .   (no cloak)
rCorr    .         Rampage  .   (no gloves)
Will     .....                  (no boots)
Stlth    ++........             (no amulet)
HPRegen  0.06/turn              (no ring)
MPRegen  0.09/turn              (no ring)

@: no status effects
A: (nimble swimmer 2), mertail
a: no special abilities


You were on level 1 of the Dungeon.
You visited 1 branch of the dungeon, and saw 1 of its levels.

Inventory:

Hand Weapons
 b - a +0 short sword
 c - a +0 club
Missiles
 d - 17 bolts
Armour
 a - a +0 robe (worn)
Scrolls
 e - a scroll of enchant armour {unknown}


   Skills:
 + Level 2.6 Dodging
 + Level 2.2 Stealth
 + Level 2.2 Spellcasting
 + Level 4.3 Summonings


You had 4 spell levels left.
You knew the following spells:

 Your Spells              Type           Power      Damage    Failure   Level
a - Summon Small Mammal   Summ           52%        N/A       4%          1

Your spell library contained the following spells:

 Spells                   Type           Power      Damage    Failure   Level
 Call Imp                 Summ           13%        N/A       6%          2
 Call Canine Familiar     Summ           13%        N/A       12%         3
 Summon Guardian Golem    Hex/Summ       7%         N/A       28%         3
 Summon Lightning Spire   Summ/Air       7%         N/A       67%         4


Dungeon Overview and Level Annotations

Branches:
Dungeon (1/15)

Altars:


Innate Abilities, Weirdness & Mutations

((You are quick and stealthy near water. (Stealth+, EV+, Speed+++)))
Your lower body shifts to a powerful aquatic tail in water.


Message History

Your bat barely misses the bat.
Your bat barely misses the jackal.
Your bat barely misses the bat.
Your bat hits the bat but does no damage.
The jackal misses you.
Your bat hits the bat but does no damage.
Your bat misses the bat. The jackal closely misses you. The jackal bites you.
* * * LOW HITPOINT WARNING * * *
The bat barely misses you.
Casting: Summon Small Mammal (safe; 4% risk of failure)
Press: ? - help, Q - select action Dir - look around, f - activate Your bat closely misses the jackal.
The bat hits you but does no damage.
Your bat misses the bat. The jackal bites you.
* * * LOW HITPOINT WARNING * * *
The jackal bites you.
* * * LOW HITPOINT WARNING * * *
The jackal bites you but does no damage.
Your bat hits the jackal. The bat hits you but does no damage.
The jackal misses you.
Your quokka bites the jackal.
The bat closely misses you.
Your bat hits the bat.
The bat hits your bat but does no damage.
Your bat hits the jackal but does no damage.
The jackal misses your bat.
Your bat misses the bat.
Your quokka barely misses the jackal.
Your bat closely misses the jackal.
The bat closely misses you.
Your bat misses the bat. The jackal bites you.
* * * LOW HITPOINT WARNING * * *
The jackal bites your bat.
Your bat dies!
Your bat's corpse disappears in a puff of smoke!
The jackal barks!
The bat closely misses you.
Your quokka bites the jackal.
The jackal dies!
The jackal misses you.
A jackal comes into view.
You see here 4 large rocks.
An endoplasm comes into view.
Your bat hits the bat but does no damage.
The bat barely misses you.
Your quokka misses the jackal. The jackal bites you.
You die...

#.#............## #.##..
##...............###.#..##
#........................ .
##.......(..............# ..
.....>.......†.(..........# )..
..........................# ....
......>........b...§......##.....
...............bh......J.........
....##..........@....rh..........
.... ##............###...........
#.....######## #....##.....
#.#?### #........... #....###...#
#.##.# #.. ♣.♣#.# ## #.##.#


You could see an endoplasm, 2 jackals, a bat (ally target), a friendly quokka
(summoned) and a friendly bat (summoned).

Vanquished Creatures (collateral kills)
  A giant cockroach (D:1)
  2 goblins (D:1)
  3 hobgoblins (D:1)
  A jackal (D:1)
  A kobold (D:1)
  A bat (D:1)
  3 rats (D:1)
12 creatures vanquished.

Vanquished Creatures (others)
  2 plants (D:1)
2 creatures vanquished.

Grand Total: 14 creatures vanquished

Notes
Turn   | Place    | Note
-------+----------+-------------------------------------------
     0 | D:1      | Jahmms the Merfolk Summoner began the quest for the Orb.
     0 | D:1      | Reached XP level 1. HP: 13/13 MP: 3/3
   159 | D:1      | Reached XP level 2. HP: 6/19 MP: 0/5
   207 | D:1      | Slain by a jackal

Illustrated notes

Levels and vault maps discovered:
D:1:      wander_arrival_fairy_ring, layout_rooms, serial_shops, shop_statue,
          shop, nicolae_shop_overgrown_old_shop, ebering_ecumenical_altar_hall,
          minmay_crystal_water, minmay_heptomino_d4

Action                   || total
-------------------------++-------
Melee: Unarmed           ||    12
 Cast: Summon Small Mamm ||    11
Armor: Robe              ||     6
Dodge: Dodged            ||    26
